 Dungeon Crawl Stone Soup version 0.24.0-37-gcf1ca852f1 (webtiles) character file.

Game seed: 7363116692758611153, levelgen mode: deterministic

30934 Cryoshakespeare the Brawler (level 13, -3/152 HPs)
             Began as an Ogre Transmuter on Dec 2, 2019.
             Was a High Priest of Wu Jian.
             Slain by a jumping spider (18 damage)
             ... on level 2 of the Lair of Beasts.
             The game lasted 00:36:23 (20864 turns).

Cryoshakespeare the Brawler (Ogre Transmuter)      Turns: 20864, Time: 00:36:24

Health: -3/152     AC:  5    Str: 21    XL:     13   Next: 54%
Magic:  12/16      EV: 11    Int: 14    God:    Wu Jian [*****.]
Gold:   1308       SH:  0    Dex:  9    Spells: 11/16 levels left

rFire    . . .     SeeInvis .     - Unarmed
rCold    + . .     Gourm    .   (no shield)
rNeg     . . .     Faith    .   I - +0 troll leather armour
rPois    .         Spirit   .   (helmet restricted)
rElec    .         Reflect  .   (no cloak)
rCorr    .         Harm     .   (gloves unavailable)
MR       +....                  (boots unavailable)
Stlth    +.........             (no amulet)
HPRegen  0.75/turn              k - +2 ring of evasion
MPRegen  0.15/turn              x - ring of protection from cold

@: very slightly contaminated
A: large, unfitting armour, tough skin 1
a: Wall Jump, Serpent's Lash, Heavenly Storm, Renounce Religion


You were on level 2 of the Lair of Beasts.
You worshipped Wu Jian.
Wu Jian was extremely pleased with you.
You were hungry.

You visited 4 branches of the dungeon, and saw 17 of its levels.

You collected 1308 gold pieces.

Inventory:

Missiles
 a - 160 arrows
 l - 56 boomerangs (quivered)
 E - 3 throwing nets
Armour
 b - a +0 robe
 I - a +0 troll leather armour (worn)
 K - a +1 robe of resistance
Jewellery
 k - a +2 ring of evasion (left hand)
 x - a ring of protection from cold (right hand)
Wands
 n - a wand of acid (8)
 A - a wand of paralysis (15)
 F - a wand of digging (5)
 O - a wand of flame (16)
Scrolls
 c - 5 scrolls of teleportation {unknown}
 e - 8 scrolls of fog {unknown}
 h - 4 scrolls of enchant armour {unknown}
 i - 2 scrolls of noise {unknown}
 o - 14 scrolls of remove curse
 p - a scroll of vulnerability {unknown}
 r - 3 scrolls of amnesia {unknown}
 t - a scroll of fear {unknown}
 w - a scroll of blinking {unknown}
 y - 3 scrolls of enchant weapon {unknown}
 C - 3 scrolls of immolation {unknown}
 G - 5 scrolls of identify
 M - a scroll of summoning {unknown}
Potions
 f - a potion of invisibility
 g - 3 potions of brilliance
 j - 3 potions of flight
 m - 2 potions of mutation
 q - a potion of cancellation
 u - 4 potions of heal wounds
 v - 2 potions of curing
 z - a potion of magic
 B - a potion of lignification
 D - a potion of haste
 H - 3 potions of degeneration {unknown}
 N - a potion of agility {unknown}
Miscellaneous
 s - a lightning rod (4/4)
 L - a phial of floods
Comestibles
 d - 30 rations
 J - 4 chunks of flesh


   Skills:
 + Level 15.8 Fighting
 - Level 1.7 Dodging
 * Level 16.0 Unarmed Combat
 - Level 2.4 Spellcasting
 - Level 5.0 Transmutations


You had 11 spell levels left.
You knew the following spells:

 Your Spells              Type           Power        Failure   Level  Hunger
a - Beastly Appendage     Tmut           ###...       3%          1    #......
b - Spider Form           Tmut/Pois      #.........   28%         3    ###....
c - Confusing Touch       Hex            #.....       26%         1    #......

Your spell library contained the following spells:

 Spells                   Type           Power        Failure   Level  Hunger
 Sticks to Snakes         Tmut           ###.....     4%          2    ###....
 Animate Skeleton         Necr           N/A          26%         1    #......
 Apportation              Tloc           #.....       26%         1    #......
 Summon Small Mammal      Summ           #...         26%         1    #......
 Corpse Rot               Necr           N/A          36%         2    ###....
 Stone Arrow              Conj/Erth      #.....       61%         3    ###....
 Ice Form                 Ice/Tmut       #.......     67%         4    #####..
 Blade Hands              Tmut           ###.......   67%         5    ######.
 Leda's Liquefaction      Hex/Erth       #.........   95%         4    #####..
 Hydra Form               Tmut           ###.......   99%         6    #######
 Summon Forest            Summ/Tloc      #.........   100%        5    ######.
 Summon Hydra             Summ           #.........   100%        7    #######


Dungeon Overview and Level Annotations

Branches:
Dungeon (12/15)            Temple (1/1) D:5            Lair (2/6) D:11
 Spider (0/4) Lair:2          Orc (2/2) D:12            Elf (0/3) Orc:2
  Swamp: Lair:2-4    Shoals: Lair:2-4

Altars:
Ashenzari
Dithmenos
Gozag
Hepliaklqana
Kikubaaqudgha
Makhleb
Okawaru
Qazlal
Ru
Trog
Uskayaw
Wu Jian
Yredelemnul

Shops:
D:11 ?   Orc:2 [=*(


Innate Abilities, Weirdness & Mutations

You are too large for most types of armour.
You have tough skin. (AC +1)


Message History

The redback poisons you!
The jumping spider leaps!
You feel better. The redback bites you! x2
You are poisoned.
The redback poisons you!
You feel very sick. The jumping spider pounces on you!
* * * LOW HITPOINT WARNING * * *
The jumping spider completely misses you.
You feel very sick.
The jumping spider leaps!
The redback bites you!
* * * LOW HITPOINT WARNING * * *
You feel better.
The jumping spider leaps!
The redback bites you.
* * * LOW HITPOINT WARNING * * *
The jumping spider pounces on you!
* * * LOW HITPOINT WARNING * * *
You are caught in a web!
The jumping spider bites you but does no damage.
The web tears apart.
The redback closely misses you. The jumping spider pounces on you!!
You die...

### #####.#### ### #....#.#.##
### ### #.## #..........
###P###.###..# #..........
#####....°......## ##..........
...##...........######...........
....+...........s.##.##..........
.+.##...........@÷...............
.##...........°s#...##...........
.####...........######.........>.
..# #...........# #.(.........
### ##..#.P+..#.######.P####.#..#
# ######.###......#### #..###
#....##.....## ##.#
###.####.....# #..###
##...#######^.^# ####.+.#.


You could see a jumping spider and a redback.

Vanquished Creatures
  An orc warlord (Orc:2)
  A hydra (D:11)
  Erica (Lair:2)
  3 two-headed ogres
  A death knight (D:11)
  6 orc high priests (Orc:2)
  Urug (D:10)
  A skeletal warrior (D:11)
  2 orc knights
  A manticore (D:11)
  5 orc sorcerers (Orc:2)
  2 cyclopes
  Joseph (D:9)
  A black mamba (Lair:2)
  A gargoyle (D:11)
  2 centaur skeletons
  2 spiny frogs
  2 freezing wraiths (D:11)
  3 komodo dragons
  3 hornets
  3 trolls (Orc:1)
  5 blink frogs (Lair:1)
  5 slime creatures (D:12)
  7 yaks
  2 wraiths (D:11)
  3 hungry ghosts
  2 vampire mosquitoes (D:12)
  A soldier ant (D:12)
  2 wargs (Orc:2)
  Duvessa (D:7)
  5 water moccasins
  2 porcupines
  28 orc warriors
  An eye of draining (D:8)
  An ice beast (D:7)
  3 phantoms
  A black bear (D:8)
  9 ogres
  4 centaurs
  5 wolves (Lair:1)
  4 crocodiles
  A wyvern zombie (D:12)
  5 bullfrogs
  Dowan (D:7)
  4 scorpions
  3 water moccasin skeletons
  4 killer bees (D:11)
  2 jellies
  2 howler monkeys
  3 crimson imps
  6 hounds
  13 orc priests
  2 bullfrog zombies
  2 bullfrog skeletons
  2 iguanas (D:5)
  11 orc wizards
  7 worker ants
  4 gnolls (D:7)
  A howler monkey skeleton (D:9)
  15 adders
  2 shadow imps
  An adder skeleton (D:4)
  An adder zombie (D:5)
  2 worms (D:5)
  3 dart slugs
  3 leopard geckos
  66 orcs
  6 bats
  7 giant cockroaches
  7 goblins
  6 hobgoblins
  14 jackals
  4 kobolds
  2 quokkas
  2 ball pythons
  4 frilled lizards
  A jackal zombie (D:7)
  5 rats
358 creatures vanquished.

Vanquished Creatures (others)
  An orc (Orc:2)
  11 fungi (Orc:2)
12 creatures vanquished.

Grand Total: 370 creatures vanquished

Notes
Turn   | Place    | Note
-------+----------+-------------------------------------------
     0 | D:1      | Cryoshakespeare the Ogre Transmuter began the quest for the
                  | Orb.
     0 | D:1      | Reached XP level 1. HP: 19/19 MP: 3/3
   100 | D:1      | Reached XP level 2. HP: 15/27 MP: 5/5
  1078 | D:1      | Reached XP level 3. HP: 33/33 MP: 6/6
  1083 | D:1      | Learned a level 3 spell: Spider Form
  2141 | D:3      | Reached XP level 4. HP: 39/41 MP: 3/7
  2855 | D:4      | Reached skill level 3 in Unarmed Combat
  2855 | D:4      | Reached XP level 5. HP: 28/49 MP: 4/8
  3295 | D:4      | Reached XP level 6. HP: 57/59 MP: 6/9
  3361 | D:4      | Reached skill level 4 in Unarmed Combat
  3985 | D:5      | Entered Level 5 of the Dungeon
  4212 | D:5      | Reached XP level 7. HP: 58/68 MP: 3/10
  4238 | D:5      | Reached skill level 5 in Transmutations
  4869 | D:5      | Reached skill level 5 in Unarmed Combat
  5071 | D:5      | Found a staircase to the Ecumenical Temple.
  5155 | D:5      | Reached skill level 5 in Fighting
  5664 | D:6      | Reached XP level 8. HP: 41/81 MP: 2/11
  5973 | D:6      | Reached skill level 6 in Unarmed Combat
  6461 | Temple   | Entered the Ecumenical Temple
  6498 | Temple   | Became a worshipper of the Wu Jian Council
  6780 | D:6      | Reached skill level 7 in Unarmed Combat
  7575 | D:7      | Noticed Duvessa
  7576 | D:7      | Noticed Dowan
  7586 | D:7      | Killed Duvessa
  7590 | D:7      | Killed Dowan
  7598 | D:7      | Reached XP level 9. HP: 65/93 MP: 10/12
  7808 | D:7      | Reached skill level 8 in Unarmed Combat
  7842 | D:7      | Found a stormy altar of Qazlal.
  7846 | D:7      | Found a hide-covered altar of Uskayaw.
  7853 | D:7      | Learned a level 1 spell: Confusing Touch
  8403 | D:8      | Reached * piety under Wu Jian
  8753 | D:8      | Noticed a two-headed ogre
  8776 | D:8      | Reached skill level 9 in Unarmed Combat
  8788 | D:7      | Killed a two-headed ogre
  9398 | D:9      | Noticed a two-headed ogre
  9408 | D:9      | Killed a two-headed ogre
  9408 | D:9      | Reached skill level 10 in Fighting
  9408 | D:9      | Reached skill level 10 in Unarmed Combat
  9408 | D:9      | Reached XP level 10. HP: 110/110 MP: 10/13
 10280 | D:9      | Noticed Joseph
 10298 | D:9      | Killed Joseph
 10433 | D:10     | Entered Level 10 of the Dungeon
 10502 | D:10     | Noticed Urug
 10526 | D:10     | Killed Urug
 10526 | D:10     | Reached skill level 11 in Unarmed Combat
 11293 | D:11     | Noticed a cyclops
 11302 | D:11     | Killed a cyclops
 11432 | D:11     | Noticed a death knight
 11442 | D:11     | Killed a death knight
 11442 | D:11     | Reached skill level 12 in Unarmed Combat
 11442 | D:11     | Reached XP level 11. HP: 55/123 MP: 9/14
 11442 | D:11     | Noticed a skeletal warrior
 11451 | D:11     | Killed a skeletal warrior
 11451 | D:11     | Reached ** piety under Wu Jian
 12246 | D:11     | Noticed a manticore
 12275 | D:11     | Killed a manticore
 12761 | D:11     | Noticed a six-headed hydra
 12769 | D:11     | Killed a six-headed hydra
 13276 | D:11     | Found Teusel's Magic Scroll Shoppe.
 13661 | D:11     | Found a staircase to the Lair.
 13847 | D:12     | Reached skill level 13 in Unarmed Combat
 13935 | D:12     | Noticed a two-headed ogre
 13942 | D:12     | Killed a two-headed ogre
 14632 | D:12     | Found a staircase to the Orcish Mines.
 14774 | D:12     | Reached XP level 12. HP: 124/136 MP: 9/15
 14793 | D:12     | Reached *** piety under Wu Jian
 15284 | Orc:1    | Entered Level 1 of the Orcish Mines
 15757 | Orc:2    | Entered Level 2 of the Orcish Mines
 15757 | Orc:2    | Found Ciwosm's Jewellery Shoppe.
 16486 | Orc:2    | Found a staircase to the Elven Halls.
 16853 | Orc:2    | Found Zaoxaun's General Store.
 16875 | Orc:2    | Reached skill level 14 in Unarmed Combat
 17134 | Orc:2    | Reached **** piety under Wu Jian
 17154 | Orc:2    | Noticed an orc high priest
 17162 | Orc:2    | Killed an orc high priest
 17207 | Orc:2    | Noticed an orc high priest
 17218 | Orc:2    | Killed an orc high priest
 17240 | Orc:2    | Found Dickenot's Antique Weapon Shoppe.
 17327 | Orc:2    | Noticed an orc high priest
 17339 | Orc:2    | Noticed a soul eater
 17340 | Orc:2    | Killed an orc high priest
 17482 | Orc:2    | Found a bloodstained altar of Trog.
 17486 | Orc:2    | Noticed an orc warlord
 17498 | Orc:2    | Killed an orc warlord
 17565 | Orc:2    | Noticed an orc high priest
 17574 | Orc:2    | Killed an orc high priest
 17574 | Orc:2    | Reached skill level 15 in Unarmed Combat
 17646 | Orc:2    | Noticed an orc high priest
 17662 | Orc:2    | Killed an orc high priest
 17662 | Orc:2    | Reached XP level 13. HP: 104/148 MP: 7/16
 17677 | Orc:2    | Reached skill level 15 in Fighting
 17974 | Orc:2    | Found Ereavin's Antique Armour Shoppe.
 19141 | Orc:1    | You fall into a shaft and drop 1 floor!
 19243 | Lair:1   | Entered Level 1 of the Lair of Beasts
 19691 | Lair:1   | Reached ***** piety under Wu Jian
 20551 | Lair:2   | Noticed Erica
 20557 | Lair:2   | Killed Erica
 20658 | Lair:2   | Reached skill level 16 in Unarmed Combat
 20845 | Lair:2   | Found a hole to the Spider Nest.
 20864 | Lair:2   | Slain by a jumping spider

Levels and vault maps discovered:
D:1:      lightli_arrival_noodles, layout_loops_cross
D:2:      layout_basic, first_ration, item_on_display_a
D:3:      layout_basic, hex_intersection
D:4:      layout_rooms, minmay_crystal_water, chequers_serial_rivers_micro_b,
          grunt_ministairs_15
D:5:      layout_loops_ring, minmay_temple_entry_from_below_b, chequers_avenue
D:6:      layout_layer_cave, st_stairs_14, kennysheep_dice
D:7:      layout_cave_pools, grunt_temple_overflow_open, uniq_duvessa
D:8:      layout_basic, serial_rivers, chequers_serial_rivers_micro_d,
          chequers_serial_rivers_room_b, chequers_serial_rivers_marsh,
          chequers_serial_rivers_micro_d, chequers_serial_rivers_micro_a,
          chequers_serial_rivers_small_3, grunt_ogre_cave
D:9:      layout_basic, uniq_joseph
D:10:     layout_roguey, serial_bayou_lagoon_a, uniq_urug
D:11:     layout_loops_ring, lair_entry_dummy, serial_shops, shop
D:12:     layout_irregular_city, hiddenorc1_lemuel
Temple:   regret_index_temple_chain_breaker
Lair:1:   layout_cave_pods, lemuel_fruit_tree
Lair:2:   layout_roguey, minmay_shoals_entry_hut, spider_nest_entry_funnel_web,
          uniq_erica
Orc:1:    nicolae_orc_accident_3, layout_caves
Orc:2:    grunt_orc_gardens, layout_diamond_mine, grunt_orc_garden,
          grunt_orc_garden, grunt_orc_garden, grunt_orc_garden, basic_altar,
          abandoned_shop

Skill      XL: |  1  2  3  4  5  6  7  8  9 10 11 12 13 |
---------------+----------------------------------------+-----
Transmutations | 2 3 4 5 |  5.0
Unarmed Combat | 3 4 5 7 10 12 13 15 16 | 16.0
Fighting       | 2 3 5 7 10 11 13 14 15 | 15.8
Dodging        | |  1.7
Spellcasting   | |  2.4

Action                   |  1- 3 |  4- 6 |  7- 9 | 10-12 | 13-15 || total
-------------------------+-------+-------+-------+-------+-------++-------
Melee: Unarmed           |   103 |   159 |   259 |   516 |   246 ||  1283
       Kick              |     6 |       |       |       |       ||     6
       Punch             |     1 |       |     3 |     6 |     7 ||    17
 Cast: Beastly Appendage |     6 |       |       |       |       ||     6
       Spider Form       |     5 |    17 |    40 |    61 |    20 ||   143
Invok: Lunge             |       |       |    18 |    40 |    20 ||    78
       Whirlwind         |       |       |     1 |    16 |    26 ||    43
       Serpent's Lash    |       |       |       |     1 |       ||     1
 Abil: End Transformatio |     4 |     8 |    20 |    29 |     5 ||    66
       Wall Jump         |       |       |       |       |     2 ||     2
  Use: Potion            |       |       |     5 |     5 |     3 ||    13
       Scroll            |       |       |       |     9 |       ||     9
  Eat: Chunk             |     4 |     9 |    25 |    27 |    14 ||    79
       Ration            |       |       |     1 |     3 |       ||     4
Armor: Robe              |    46 |    19 |    19 |    10 |       ||    94
       Skin              |     1 |     8 |     8 |    39 |     5 ||    61
       Troll leather arm |       |       |       |       |    13 ||    13
Dodge: Dodged            |    67 |   163 |   149 |   271 |   145 ||   795
